cohdb
Replays
Latest Replays
All Replays
Popular Replays
Top Player Replays
Match Explorer
How It Works
Community
CoH3 Stats
Reddit
Sign in to upload your games and track your stats! →
Sign in with Steam
Match 45185636
Unlisted
Match 45185636
Overview
Messages
Build Orders
End
Kradschützen Motorcycle Team
Kradschützen Motorcycle Team
Selects Armored Support Battlegroup
Kradschützen Motorcycle Team
Construct Light Support Kompanie
Panzerpioneer Squad
Selects Veteran Gunners
Combat Half-tracks
Construct Mechanized Kompanie
Advanced Field Repairs
Tungsten Core Ammunition
Construct Panzerarmee Kommand
Emergency Repair Kits
Selects Salvage Kits
Selects Panzer Storm
Panzer III L Medium Tank
Rapid Advance
Panzer Storm
Advanced Optics
Walking Stuka Rocket Launcher
Panzerjäger Mechanized Group
Tur75
Wrath of Spinach
Tangy Salts
PanzerFoster
Lord Admiral Pickwick
Noxcho
CiachBajera
Sajet
0
0
Comments
sign in to comment!
No comments posted yet!